 Dungeon Crawl Stone Soup version 0.17.2-1-ge4368a0 (webtiles) character file.

287 Goblin1989 the Insei (level 6, -5/48 HPs)
             Began as a Demonspawn Monk on May 25, 2017.
             Slain by a mummy (13 damage)
             ... in an ossuary.
             The game lasted 00:10:57 (3604 turns).

Goblin1989 the Insei (Demonspawn Monk)              Turns: 3604, Time: 00:10:57

Health: -5/48      AC:  7    Str: 14    XL:     6   Next: 8%
Magic:  6/6        EV:  9    Int: 11    God:
Gold:   174        SH:  8    Dex: 15    Spells: 0 memorised, 5 levels left

rFire  + . .     SeeInvis .     m - +0 hand axe (chop)
rCold  . . .     Clarity  .     b - +0 ring mail
rNeg   + . .     SustAt   +     r - +0 shield
rPois  .         Gourm    .     (helmet restricted)
rElec  .         Spirit   .     (no cloak)
rCorr  .         Warding  +     (no gloves)
rMut   .         Stasis   .     t - +0 pair of boots
MR     .....                    v - amulet of warding
Stlth  +.........               f - ring of protection from fire
                                l - ring of sustain attributes

@: not resistant to hostile enchantments, very unstealthy
A: horns 1, icy blue scales 1, rot immunity
a: no special abilities


You were in an ossuary.
You were near starving.

You visited 1 branch of the dungeon, and saw 5 of its levels.
You also visited: Ossuary.

You collected 174 gold pieces.

Inventory:

Hand Weapons
 m - a +0 hand axe of chopping (weapon)
Missiles
 i - 6 curare-tipped needles
Armour
 b - a +0 ring mail (worn)
 r - a +0 shield (worn)
 t - a +0 pair of boots (worn)
Jewellery
 c - an amulet of guardian spirit
 f - a ring of protection from fire (right hand)
 l - a ring of sustain attributes (left hand)
 v - an amulet of warding (around neck)
Scrolls
 a - a scroll of amnesia {unknown}
 h - 2 scrolls of noise {unknown}
 k - 3 scrolls of identify {unknown}
 n - 2 scrolls of enchant weapon {unknown}
 q - a scroll of fear {unknown}
 s - a scroll of remove curse {unknown}
 u - 2 scrolls of random uselessness {unknown}
 x - a scroll of magic mapping {unknown}
 y - a scroll of enchant armour {unknown}
 A - a scroll of teleportation {unknown}
Potions
 d - 2 potions of agility
 g - a potion of brilliance {unknown}
 j - a potion of might
 w - a potion of heal wounds {unknown}
 z - a potion of flight {unknown}
Comestibles
 e - a bread ration {@e1}
 o - 2 beef jerkies
 B - a meat ration {@e2}


   Skills:
 + Level 4.3 Fighting
 + Level 0.5 Armour
 - Level 2.6 Dodging
 - Level 1.7 Stealth
 + Level 2.0 Shields
 * Level 5.5 Unarmed Combat


You had 5 spell levels left.
You didn't know any spells.

Dungeon Overview and Level Annotations

Branches:
Dungeon (5/15)
 Temple: D:4-7

Altars:


Innate Abilities, Weirdness & Mutations

You have a pair of small horns on your head.
You are partially covered in icy blue scales (AC +1).
You are immune to rotting.


Message History

r - Retreat! s - Stop attacking. w - Wait here. f - Follow me.
Anything else - Stay silent.
You shout for attention!
What do you say? t - Shout!
Orders for allies: a - Attack new target. r - Retreat! s - Stop attacking. w - Wait here. f - Follow me.
Anything else - Stay silent.
You shout for attention!
What do you say? t - Shout!
Orders for allies: a - Attack new target. r - Retreat! s - Stop attacking. w - Wait here. f - Follow me.
Anything else - Stay silent.
You shout for attention!
What do you say? t - Shout!
Orders for allies: a - Attack new target. r - Retreat! s - Stop attacking. w - Wait here. f - Follow me.
Anything else - Stay silent.
You shout for attention!
You hit the mummy.
The mummy is moderately damaged.
You hit the mummy.
The mummy is severely damaged.
The mummy closely misses you.
You hit the mummy but do no damage.
The mummy is severely damaged.
The mummy barely misses you.
You hit the mummy.
You headbutt the mummy, but do no damage.
The mummy is almost destroyed.
The mummy misses you.
You barely miss the mummy.
The mummy is almost destroyed.
The mummy hits you.
You are near starving!
You barely miss the mummy.
The mummy is almost destroyed.
The mummy hits you!
You take 13 damage, and have 35/48 hp.
MASSIVE DAMAGE!!
You hit the mummy.
You destroy the mummy!
No target in view!
No target in view!
No target in view!
No target in view!
No target in view!
No target in view!
No target in view!
No target in view!
No target in view!
No target in view!
No target in view!
No target in view!
No target in view!
No target in view!
No target in view!
No target in view!
No target in view!
No target in view!
No target in view!
No target in view!
No target in view!
No target in view!
No target in view!
No target in view!
There is an open door here.
You hit the mummy.
The mummy is moderately damaged.
The mummy hits you!
You take 16 damage, and have 22/48 hp.
MASSIVE DAMAGE!!
You are too injured to fight recklessly!
You are too injured to fight recklessly!
You are too injured to fight recklessly!
You are too injured to fight recklessly!
You are too injured to fight recklessly!
You are too injured to fight recklessly!
You are too injured to fight recklessly!
You are too injured to fight recklessly!
You are too injured to fight recklessly!
You are too injured to fight recklessly!
You are too injured to fight recklessly!
You are too injured to fight recklessly!
You are too injured to fight recklessly!
You are too injured to fight recklessly!
You hit the mummy. Your headbutt misses the mummy.
The mummy is heavily damaged.
The mummy hits you!
* * * LOW HITPOINT WARNING * * *
You take 15 damage, and have 7/48 hp.
MASSIVE DAMAGE!!
You hit the mummy but do no damage.
You headbutt the mummy, but do no damage.
The mummy is heavily damaged.
The mummy hits you!
You die... ██████████████████████████

█∩........................
█..........@..............
█..███∆███M███∆███∆███▲██
█..█...█...█...█M..█
█..█.███∆███∆███M████
█..█.█....█....█....█
█..███....█....█....█ █..▲
█....█....█....█ █..█
█....█....█....█


██████████████M█ You could see a mummy.

Vanquished Creatures
  Blork the orc (D:4)
  A centaur zombie (Ossuary)
  Natasha (D:4)
  3 mummies (Ossuary)
  4 adders
  An ooze (D:3)
  2 worms (D:3)
  4 giant geckos
  4 orcs
  7 bats
  7 giant cockroaches
  6 goblins
  12 hobgoblins
  7 jackals
  4 giant newts
  A goblin zombie (Ossuary)
  A hobgoblin zombie (Ossuary)
  7 kobolds
  2 quokka zombies (Ossuary)
  8 rats
83 creatures vanquished.

Notes
Turn   | Place    | Note
--------------------------------------------------------------
     0 | D:1      | Goblin1989 the Demonspawn Monk began the quest for the Orb.
     0 | D:1      | Reached XP level 1. HP: 18/18 MP: 1/1
   343 | D:1      | Gained mutation: You have a pair of small horns on your head. [demonic ancestry]
   343 | D:1      | Reached XP level 2. HP: 24/24 MP: 0/2
   948 | D:2      | Reached skill level 4 in Unarmed Combat
  1014 | D:2      | Gained mutation: You are immune to rotting. [demonic ancestry]
  1014 | D:2      | Reached XP level 3. HP: 27/29 MP: 3/3
  1304 | D:2      | Reached skill level 1 in Shields
  1471 | D:3      | Reached XP level 4. HP: 32/37 MP: 4/4
  2486 | D:4      | Noticed Natasha
  2499 | D:4      | Killed Natasha
  2499 | D:4      | Reached XP level 5. HP: 5/42 MP: 5/5
  2818 | D:4      | Noticed Blork the orc
  2834 | D:4      | Killed Blork the orc
  2834 | D:4      | Reached skill level 5 in Unarmed Combat
  2886 | D:5      | Entered Level 5 of the Dungeon
  2887 | D:5      | Found a sand-covered staircase.
  2897 | Ossuary  | Entered an ossuary
  3240 | Ossuary  | HP: 2/42 [mummy (14)]
  3242 | Ossuary  | Gained mutation: You are partially covered in icy blue scales (AC +1). [demonic ancestry]
  3242 | Ossuary  | Reached XP level 6. HP: 2/48 MP: 6/6
  3604 | Ossuary  | Slain by a mummy

Action                   |  1- 3 |  4- 6 || total
-------------------------+-------+-------++-------
Melee: Unarmed           |    38 |       ||    38
       Hand axe          |    99 |   173 ||   272
  Use: Potion            |       |     2 ||     2
 Stab: Sleeping          |     2 |     3 ||     5
  Eat: Chunk             |     1 |     5 ||     6
       Pizza             |       |     1 ||     1

Vault maps used:
D:1:      onia_arrival_pentagram
D:3:      grunt_ministairs_4
D:4:      uniq_natasha, uniq_blork_the_orc
D:5:      elyvilon_altar_4, first_bread, enter_ossuary_1, uniq_sigmund
Ossuary:  ossuary_boxes_badplayer
